 Dungeon Crawl Stone Soup version 0.17-a0-1479-g4041c36 (webtiles) character file.

69 hexophile the Magician (level 4, -5/36 HPs)
             Began as a Naga Wizard on July 3, 2015.
             Slain by a worm (6 damage)
             ... on level 3 of the Dungeon.
             The game lasted 00:07:25 (3528 turns).

hexophile the Magician (Naga Wizard)                Turns: 3528, Time: 00:07:25

Health: -5/36      AC:  4    Str: 11      XL:     4   Next: 20%
Magic:  2/9        EV: 10    Int: 15 (19) God:
Gold:   125        SH:  0    Dex: 10      Spells: 4 memorised, 1 level left

rFire  . . .     SeeInvis +     t - +1 dagger
rCold  . . .     Clarity  .     a - +0 robe
rNeg   . . .     SustAt   .     (no shield)
rPois  +         Gourm    .     b - +0 hat
rElec  .         Spirit   .     (no cloak)
rCorr  .         Warding  .     (no gloves)
rMut   .         Stasis   .     (no barding)
MR     .....                    (no amulet)
Stlth  ++........               (no ring)
                                (no ring)

@: very slow, not resistant to hostile enchantments, unstealthy
A: thin metallic scales 1, see invisible, deformed body, poison resistance,
slowness 2, slow metabolism 1, spit poison 2, strong 1, AC +1
a: Spit Poison


You were on level 3 of the Dungeon.
You were not hungry.

You visited 1 branch of the dungeon, and saw 3 of its levels.

You collected 125 gold pieces.

Inventory:

Hand weapons
 t - a +1 dagger (weapon)
Armour
 a - a +0 robe (worn)
 b - a +0 hat (worn)
Jewellery
 w - an uncursed amulet of stasis
Scrolls
 p - a scroll of remove curse
Books
 c - a book of Minor Magic

   Spells                             Type                      Level
   a - Magic Dart                     Conjuration                  1
   b - Blink                          Translocation                2
   c - Call Imp                       Summoning                    2
   d - Repel Missiles                 Charms/Air                   2
   e - Slow                           Hexes                        2
   f - Conjure Flame                  Conjuration/Fire             3
   g - Mephitic Cloud                 Conjuration/Poison/Air       3
Comestibles
 d - 2 bread rations
 f - a beef jerky
 n - a meat ration
 o - a slice of pizza


   Skills:
 + Level 2.0 Dodging
 - Level 3.0 Stealth
 * Level 3.6 Spellcasting
 * Level 2.8 Conjurations
   Level 1.0 Summonings
 - Level 1.0 Translocations
 + Level 0.0 Fire Magic
 + Level 0.0 Air Magic


You had one spell level left.
You knew the following spells:

 Your Spells              Type           Power        Failure   Level  Hunger
a - Magic Dart            Conj           ##..         8%          1    None
b - Blink                 Tloc           N/A          21%         2    ##.....
c - Conjure Flame         Conj/Fire      #.......     34%         3    ###....
d - Mephitic Cloud        Conj/Pois/Air  #.......     43%         3    ###....


Dungeon Overview and Level Annotations

Branches:
Dungeon (3/15)

Altars:
Qazlal
Vehumet


Innate Abilities, Weirdness & Mutations

You cannot wear boots.
Your serpentine skin is tough (AC +1).
You have supernaturally acute eyesight.
Armour fits poorly on your strangely shaped body.
Your system is resistant to poisons.
You cover ground very slowly.
You have a slow metabolism.
You can spit poison.
You are partially covered in thin metallic scales (AC +2).
Your muscles are strong. (Str +2)


Message History

Confirm with . or Enter, or press ? or * to list all spells.
Aiming: Magic Dart
Press: ? - help, Shift-Dir - straight line, f/p - worm
Aim: a worm (moderately wounded)
The magic dart hits the worm.
The worm is heavily wounded.
You have got your breath back.
The orc closely misses you. The worm bites you!
The orc hits you but does no damage.
Casting: Magic Dart
Confirm with . or Enter, or press ? or * to list all spells.
Aiming: Magic Dart
Press: ? - help, Shift-Dir - straight line, f/p - worm
Aim: a worm (heavily wounded)
The magic dart hits the worm.
The worm is heavily wounded.
The orc hits you with a war axe!
* * * LOW HITPOINT WARNING * * *
The orc misses you. The worm bites you.
You die...

### ..# ..###
....############
...<............
..(.#...########
..###.......#
######### ..#
#...###.#
#oooo...# ###
##.## #.#
#@#####.#####
#.# #.# #w#
#.o..o# #.# #.#
#.# #####.# #.#
#.# #.# #.# #.#
#.####.# #o#
#.## #....>.#
#o# ######..#
########
#o######
......#.#
#...oo.)
#####.#.######
########


You could see a worm and 4 orcs.

Vanquished Creatures
  A worker ant (D:3)
  2 giant geckos
  An orc (D:3)
  6 bats
  A giant cockroach (D:1)
  9 hobgoblins
  5 kobolds
  A giant newt (D:2)
  9 goblins
  9 rats
44 creatures vanquished.

Notes
Turn   | Place    | Note
--------------------------------------------------------------
     0 | D:1      | hexophile the Naga Wizard began the quest for the Orb.
     0 | D:1      | Reached XP level 1. HP: 15/15 MP: 4/4
   437 | D:1      | Reached XP level 2. HP: 22/22 MP: 0/6
  1063 | D:1      | Learned a level 2 spell: Blink
  1861 | D:2      | Reached XP level 3. HP: 28/28 MP: 4/7
  1907 | D:2      | Found a radiant altar of Vehumet.
  2162 | D:2      | Gained mutation: Your muscles are strong. (Str +2) [potion of mutation]
  2162 | D:2      | Gained mutation: You are partially covered in thin metallic scales (AC +2). [potion of mutation]
  2247 | D:2      | Found a stormy altar of Qazlal.
  2589 | D:2      | Noticed a fire elemental
  2589 | D:2      | Noticed a water elemental
  2590 | D:2      | Noticed an air elemental
  2590 | D:2      | Noticed an earth elemental
  2847 | D:1      | Learned a level 3 spell: Conjure Flame
  3125 | D:1      | You fall through a shaft!
  3346 | D:3      | Reached XP level 4. HP: 33/36 MP: 0/9
  3351 | D:3      | Learned a level 3 spell: Mephitic Cloud
  3528 | D:3      | HP: 1/36 [orc/war axe (12)]
  3528 | D:3      | Slain by a worm

Vault maps used:
D:1:      lightli_arrival_statue_moat, hangedman_decor_slide_cut,
          nrook_loot_triangle
D:2:      old_standard_altar, nicolae_qazlal_style_of_elements, first_bread
D:3:      led_sif_pool

Action                   |  1- 3 |  4- 6 || total
-------------------------+-------+-------++-------
Melee: Unarmed           |    16 |       ||    16
       Dagger            |    18 |     3 ||    21
 Cast: Magic Dart        |    97 |    11 ||   108
 Abil: Spit Poison       |    11 |     2 ||    13
  Use: Scroll            |     9 |     1 ||    10
       Potion            |     6 |     1 ||     7
  Eat: Chunk             |     3 |       ||     3
       Meat ration       |     1 |       ||     1
